 Dungeon Crawl Stone Soup version 0.19.1 (webtiles) character file.

5555 Eliminator the Cleaver (level 10, -5/100 HPs)
             Began as a Minotaur Berserker on Dec 1, 2016.
             Was a High Priest of Trog.
             Slain by a troll (6 damage)
             ... on level 9 of the Dungeon.
             The game lasted 00:50:50 (10067 turns).

Eliminator the Cleaver (Minotaur Berserker)        Turns: 10067, Time: 00:50:51

Health: -5/100     AC: 16    Str: 25    XL:     10   Next: 44%
Magic:  9/9        EV:  9    Int:  8    God:    Trog [*****.]
Gold:   353        SH:  0    Dex: 10    Spells: 0 memorised, 9 levels left

rFire  . . .     SeeInvis +     C - +0 war axe
rCold  . . .     Gourm    .     k - +0 chain mail
rNeg   . . .     Faith    .     (no shield)
rPois  .         Spirit   .     (helmet restricted)
rElec  .         Reflect  .     (no cloak)
rCorr  .         Harm     .     r - +0 pair of gloves
MR     .....                    F - +0 pair of boots
Stlth  ..........               (no amulet)
                                w - +4 ring of intelligence
                                l - ring of see invisible

@: no status effects
A: retaliatory headbutt, horns 2, molten scales 1, robust 1
a: Berserk, Trog's Hand, Brothers in Arms, Burn Spellbooks, Renounce Religion


You were on level 9 of the Dungeon.
You worshipped Trog.
Trog was extremely pleased with you.
You were not hungry.

You visited 1 branch of the dungeon, and saw 10 of its levels.

You collected 353 gold pieces.

Inventory:

Hand Weapons
 C - a +0 war axe (weapon)
Missiles
 t - a tomahawk of returning (quivered)
 I - 3 javelins
 M - 12 needles of sleeping
 Z - a throwing net
Armour
 k - a +0 chain mail (worn)
 r - a +0 pair of gloves (worn)
 F - a +0 pair of boots (worn)
Jewellery
 l - a ring of see invisible (left hand)
 w - a +4 ring of intelligence (right hand)
Wands
 a - a wand of flame (14/48)
 G - a wand of paralysis (11/24)
Scrolls
 b - 3 scrolls of magic mapping
 i - 4 scrolls of enchant armour
 j - 5 scrolls of remove curse
 p - a scroll of brand weapon {unknown}
 s - a scroll of fog {unknown}
 u - 4 scrolls of teleportation
 A - a scroll of fear {unknown}
 E - a scroll of noise {unknown}
 J - 2 scrolls of blinking {unknown}
Potions
 d - a potion of heal wounds
 e - a potion of brilliance {unknown}
 g - 5 potions of curing {unknown}
 n - 2 potions of haste
 o - 2 potions of might {unknown}
 v - 2 potions of mutation {unknown}
 B - a potion of ambrosia {unknown}
 L - a potion of cancellation {unknown}
Comestibles
 c - 5 bread rations
 f - 8 chunks of flesh
 m - 3 meat rations
 x - 3 beef jerkies
 z - 2 fruits


   Skills:
 + Level 9.3 Fighting
 + Level 12.8 Axes
 + Level 4.6 Throwing
 + Level 9.2 Armour
 - Level 2.5 Dodging


You had 9 spell levels left.
You didn't know any spells.

Dungeon Overview and Level Annotations

Branches:
Dungeon (10/15)            Temple (0/1) D:5
   Lair: D:8-11         Orc: D:9-12

Altars:
Ashenzari
Fedhas
Gozag
Makhleb
Nemelex Xobeh
Qazlal
Trog
Uskayaw
Vehumet
Yredelemnul

Shops:
D:5 [   D:9 [


Innate Abilities, Weirdness & Mutations

You reflexively headbutt those who attack you in melee.
You have a pair of horns on your head.
You are partially covered in molten scales. (AC +2)
You are robust. (+10% HP)


Message History

The troll claws you but does no damage. The troll claws you!
* * * LOW HITPOINT WARNING * * *
The orc warrior closely misses you.
A yak comes into view.
The yak bellows!
The troll bites you.
* * * LOW HITPOINT WARNING * * *
The troll claws you.
* * * LOW HITPOINT WARNING * * *
The troll misses you.
A yak comes into view.
The yak bellows!
The troll barely misses you. The troll misses you. The troll barely misses you.
A yak comes into view.
There is a stone staircase leading up here.
The yak bellows!
The orc warrior hits you from afar with a halberd.
* * * LOW HITPOINT WARNING * * *
The troll bites you.
You die...

#.#########.##
#............#
#.....#####..######
........###.......#
#.%..........# .#
#............# .#
#....#.†._...####.#####
........)†.....T......#
#....#........o.@.###.#
#.#.###.#.......%.#
..........$#.###Y.#
###.#####..#.# #....
#..#.# #..#.. .....#
#..#... ##..### #YY# ##
#.Y.


You could see 4 yaks, a troll and an orc warrior.

Vanquished Creatures
  A hill giant (D:10)
  Pikel (D:4)
  Joseph (D:8)
  Prince Ribbit (D:8)
  Sigmund (D:4)
  Eustachio (D:4)
  A wyvern (D:9)
  A yak (D:9)
  2 hungry ghosts (D:6)
  A water moccasin (D:9)
  An ice beast (D:9)
  An orc warrior (D:8)
  A slave (D:4)
  A phantom (D:8)
  3 ogres
  9 centaurs
  2 gnoll sergeants (D:6)
  4 bullfrogs
  3 scorpions
  3 wights (D:7)
  A howler monkey (D:9)
  A crimson imp (D:5)
  A bullfrog zombie (D:8)
  5 hounds
  8 orc wizards
  4 orc priests
  2 iguanas
  4 jellies
  2 centaur skeletons
  A statue (D:8)
  6 worker ants
  A hound zombie (D:9)
  2 hound skeletons
  A worker ant zombie (D:7)
  12 gnolls (D:6)
  5 adders
  3 shadow imps
  2 adder zombies
  An adder skeleton (D:7)
  A worm (D:3)
  2 dart slugs
  2 leopard geckos (D:2)
  22 orcs
  10 bats
  6 giant cockroaches
  11 goblins
  9 hobgoblins
  7 jackals
  4 quokkas
  A ball python (D:6)
  4 frilled lizards
  A jackal zombie (D:5)
  13 kobolds
  A leopard gecko skeleton (D:5)
  3 quokka skeletons
  7 rats
205 creatures vanquished.

Notes
Turn   | Place    | Note
-------+----------+-------------------------------------------
     0 | D:1      | Eliminator the Minotaur Berserker began the quest for the Orb.
     0 | D:1      | Reached XP level 1. HP: 19/19 MP: 0/0
   163 | D:1      | Reached XP level 2. HP: 21/27 MP: 1/1
   480 | D:1      | Reached skill level 4 in Axes
   702 | D:1      | Reached ** piety under Trog
   702 | D:1      | Reached XP level 3. HP: 29/33 MP: 2/2
  1584 | D:2      | Reached skill level 1 in Throwing
  1733 | D:2      | Found a faded altar of an unknown god.
  1733 | D:2      | Found a faded altar of an unknown god.
  1741 | D:2      | Found a basalt altar of Yredelemnul.
  1744 | D:2      | Found a faded altar of an unknown god.
  1746 | D:2      | Found a faded altar of an unknown god.
  2120 | D:2      | Reached XP level 4. HP: 40/40 MP: 3/3
  2773 | D:3      | Reached *** piety under Trog
  3018 | D:3      | Found a stormy altar of Qazlal.
  3192 | D:3      | Found a shattered altar of Ashenzari.
  3723 | D:4      | Noticed Eustachio
  3952 | D:4      | Killed Eustachio
  3952 | D:4      | Reached skill level 5 in Axes
  3952 | D:4      | Reached XP level 5. HP: 43/47 MP: 4/4
  3965 | D:4      | Reached skill level 6 in Axes
  4125 | D:4      | Noticed Sigmund
  4146 | D:4      | Killed Sigmund
  4146 | D:4      | Reached XP level 6. HP: 55/55 MP: 5/5
  4273 | D:4      | Reached skill level 5 in Fighting
  4273 | D:4      | Reached skill level 7 in Axes
  4452 | D:4      | Reached XP level 7. HP: 61/61 MP: 6/6
  4599 | D:4      | Noticed Pikel
  4615 | D:4      | Killed Pikel
  4615 | D:4      | Reached skill level 8 in Axes
  4615 | D:4      | Reached skill level 5 in Armour
  4615 | D:4      | Reached XP level 8. HP: 53/70 MP: 7/7
  4988 | D:5      | Entered Level 5 of the Dungeon
  5012 | D:5      | Found Xefracw's Armour Boutique.
  5366 | D:5      | Found a sparkling altar of Nemelex Xobeh.
  5421 | D:5      | Found a staircase to the Ecumenical Temple.
  5617 | D:5      | Reached skill level 9 in Axes
  5683 | D:5      | Found an opulent altar of Gozag.
  5877 | D:6      | Found a burning altar of Makhleb.
  6745 | D:7      | Reached **** piety under Trog
  6754 | D:7      | Reached skill level 10 in Axes
  6830 | D:6      | Reached XP level 9. HP: 33/79 MP: 8/8
  7099 | D:6      | Received a gift from Trog
  7750 | D:7      | Gained mutation: You are partially covered in molten scales. (AC +2) [potion of beneficial mutation]
  7753 | D:7      | Gained mutation: You are robust. (+10% HP) [potion of beneficial mutation]
  7960 | D:8      | Noticed Prince Ribbit
  7966 | D:8      | Reached skill level 11 in Axes
  7970 | D:8      | Killed Prince Ribbit
  8316 | D:8      | Noticed Joseph
  8343 | D:8      | Killed Joseph
  8578 | D:8      | Found a bloodstained altar of Trog.
  8689 | D:8      | Reached skill level 12 in Axes
  8829 | D:8      | Reached XP level 10. HP: 80/99 MP: 9/9
  9054 | D:8      | Found a radiant altar of Vehumet.
  9206 | D:9      | You fall through a shaft!
  9206 | D:10     | Entered Level 10 of the Dungeon
  9320 | D:10     | Noticed a hill giant
  9335 | D:10     | Killed a hill giant
  9732 | D:9      | Found Nihegaze's Antique Armour Shop.
  9886 | D:9      | Found a hide-covered altar of Uskayaw.
  9945 | D:9      | Found a blossoming altar of Fedhas.
  9957 | D:9      | Reached ***** piety under Trog
 10067 | D:9      | HP: 1/100 [orc warrior/halberd (6)]
 10067 | D:9      | Slain by a troll

Skill      XL: |  1  2  3  4  5  6  7  8  9 10 |
---------------+-------------------------------+-----
Fighting       | 4 5 7 8 9 |  9.3
Axes           | 4 5 6 7 8 10 12 | 12.8
Throwing       | 1 2 3 4 |  4.6
Armour         | 4 5 7 8 9 |  9.2
Dodging        | |  2.5

Action                   |  1- 3 |  4- 6 |  7- 9 | 10-12 || total
-------------------------+-------+-------+-------+-------++-------
Melee: Hand axe          |   105 |   122 |       |       ||   227
       Headbutt          |    13 |    21 |    43 |    24 ||   101
       War axe           |       |       |   269 |    74 ||   343
Throw: Stone             |    53 |    17 |    30 |       ||   100
       Tomahawk          |       |       |    11 |    13 ||    24
       Javelin           |       |       |       |     2 ||     2
Invok: Trog's Hand       |       |     1 |     1 |     1 ||     3
       Berserk           |       |       |     3 |       ||     3
       Burn Spellbooks   |       |       |     1 |     1 ||     2
  Use: Scroll            |       |       |     7 |     2 ||     9
       Potion            |       |       |     3 |       ||     3
  Eat: Chunk             |     3 |     8 |    16 |     5 ||    32
       Royal jelly       |       |       |     1 |       ||     1
       Fruit             |       |       |     3 |       ||     3
Armor: Animal skin       |     6 |       |       |       ||     6
       Chain mail        |    48 |    62 |   187 |    42 ||   339
Dodge: Dodged            |    44 |    61 |   158 |    44 ||   307
